 Dungeon Crawl Stone Soup version 0.20.1-1-g8b1a95d (webtiles) character file.

56 letownia2 the Grave Robber (level 3, 15/28 HPs)
             Began as a Deep Dwarf Necromancer on Dec 22, 2017.
             Quit the game on level 4 of the Dungeon.
             The game lasted 00:01:56 (628 turns).

letownia2 the Grave Robber (Deep Dwarf Necromancer)  Turns: 628, Time: 00:01:57

Health: 15/28      AC:  5    Str: 11    XL:     3   Next: 71%
Magic:  3/6        EV: 11    Int: 16    God:
Gold:   26         SH:  0    Dex: 13    Spells: 3/7 levels left

rFire    . . .     SeeInvis .   a - +0 short sword
rCold    . . .     Gourm    .   (no shield)
rNeg     . . .     Faith    .   g - +0 ring mail
rPois    .         Spirit   .   (no helmet)
rElec    .         Reflect  .   (no cloak)
rCorr    .         Harm     +   (no gloves)
MR       .....                  (no boots)
Stlth    +.........             d - amulet of harm
Regen    0.0/turn               (no ring)
MPRegen  0.1/turn               (no ring)

@: very slightly contaminated, non-regenerating
A: damage resistance, heal wounds, sense surroundings 1, no regeneration
a: Heal Wounds


You were on level 4 of the Dungeon.
You were not hungry.

You visited 1 branch of the dungeon, and saw 4 of its levels.

You collected 26 gold pieces.

Inventory:

Hand Weapons
 a - a +0 short sword (weapon)
Missiles
 e - 16 bolts
Armour
 f - a +0 robe
 g - a +0 ring mail (worn)
Jewellery
 d - an amulet of harm (around neck)
Books
 b - a book of Necromancy

   Spells                             Type                      Level
   a - Pain                           Necromancy                   1
   b - Animate Skeleton               Necromancy                   1
   c - Vampiric Draining              Necromancy                   3
   d - Regeneration                   Charms/Necromancy            3
   e - Animate Dead                   Necromancy                   4
   f - Control Undead                 Necromancy                   4
Comestibles
 c - a bread ration


   Skills:
 - Level 2.1 Dodging
 - Level 2.4 Stealth
 + Level 2.6 Spellcasting
 + Level 5.3 Necromancy


You had 3 spell levels left.
You knew the following spells:

 Your Spells              Type           Power        Failure   Level  Hunger
a - Pain                  Necr           ###.         5%          1    #......
v - Vampiric Draining     Necr           ###.......   16%         3    ###....


Dungeon Overview and Level Annotations

Branches:
Dungeon (4/15)
 Temple: D:4-7

Altars:

Annotations:
D:4 Dowan, Duvessa


Innate Abilities, Weirdness & Mutations

You are resistant to damage.
You can heal yourself by infusing magical energy.
You passively map a small area around you.
You do not regenerate.


Message History

The worker ant writhes in agony!
You kill the worker ant!
Casting: Pain
Confirm with . or Enter, or press ? or * to list all spells.
Aiming: Pain
Press: ? - help, Shift-Dir - straight line, f - Duvessa
Aim: Duvessa, wielding a rapier and wearing a runed ring mail (chance to defeat MR: 63%) Duvessa easily resists.
Duvessa closely misses you.
Dowan says, "Magic and the sword, together, will defeat you."
An adder comes into view.
The adder hisses angrily.
The adder closely misses you. The adder bites you but does no damage.
A frilled lizard and an orc come into view.
The frilled lizard hisses angrily.
The orc shouts!
An orc and an orc wizard come into view.
The orc shouts!
The adder closely misses you. The adder bites you.
You hear the slow rusting of a very distant drain.
Are you sure you want to abandon this character and quit the game? (Confirm with "yes".)

* , , ##... ,*
######## #..#.
* *
#......####.###
, **
#......#.....#.
* *
#.......#.##..e
*
#....e.#.##...#
**
#......####.#.#
* ######l.....#
#...# *
#..@eoS.#####
##.## #.#####.#
#. # ***#.# #.
, #l# #. ** ,
#.# * ##.## ,
,oo. ..... ,
..# #... * #...
#...


You could see Duvessa, Dowan, an adder, an orc and a frilled lizard.

Vanquished Creatures
  A worker ant (D:4)
  2 adders
  A worm (D:3)
  A leopard gecko (D:1)
  A bat (D:1)
  A goblin (D:2)
  3 hobgoblins
  A kobold (D:3)
  A frilled lizard (D:2)
  2 rats
14 creatures vanquished.

Notes
Turn   | Place    | Note
-------+----------+-------------------------------------------
     0 | D:1      | letownia2 the Deep Dwarf Necromancer began the quest for the Orb.
     0 | D:1      | Reached XP level 1. HP: 15/15 MP: 3/3
   225 | D:2      | Reached XP level 2. HP: 20/22 MP: 0/5
   392 | D:3      | Reached skill level 5 in Necromancy
   431 | D:3      | Reached XP level 3. HP: 26/28 MP: 1/6
   436 | D:3      | Learned a level 3 spell: Vampiric Draining
   531 | D:4      | Noticed Dowan
   533 | D:4      | Noticed Duvessa
   628 | D:4      | Quit the game

Skill      XL: |  1  2 |
---------------+-------+-----
Spellcasting   | 2 |  2.6
Necromancy     | 5 |  5.3
Dodging        | |  2.1
Stealth        | |  2.4

Action                   || total
-------------------------++-------
 Cast: Pain              ||    31
Armor: Robe              ||     1
       Ring mail         ||     2
Dodge: Dodged            ||    10
